 Dungeon Crawl Stone Soup version 0.32-a0-999-gfa1cc04b1d (webtiles) character file.

Game seed: 5520883166169626694

1468 shadizar the Thaumaturge (level 9, -6/55 HPs)
             Began as a Djinni Conjurer on Apr 24, 2024.
             Mangled by a gnoll sergeant
             ... wielding a +5 spear of venom
              (15 damage)
             ... on level 5 of the Dungeon.
             The game lasted 00:04:10 (4538 turns).

shadizar the Thaumaturge (Djinni Conjurer)          Turns: 4538, Time: 00:04:10

Health: -6/55      AC:  2    Str:  6    XL:     9   Next: 6%
Gold:   155        EV: 11    Int: 24    God:
                   SH:  0    Dex: 12

rFire   + + .        (no weapon)
rCold   x . .        (no shield)
rNeg    . . .        a - +0 robe
rPois   ∞            (no helmet)
rElec   .            (no cloak)
rCorr   .            (no gloves)
SInv    .            (boots unavailable)
Will    .....        (no amulet)
Stlth   ++           (no ring)
HPRegen 0.29/turn    (no ring)

%: infuse magic (-7 HP)
@: flying
A: sickness immunity, fire resistance 2, cold vulnerability 1, float, innate
caster, HP casting, extra vitality 1
a: no special abilities


You were on level 5 of the Dungeon.
You visited 1 branch of the dungeon, and saw 5 of its levels.

You collected 155 gold pieces.

Inventory:

Armour
 a - a +0 robe (worn)
Jewellery
 g - a ring of resist corrosion
Wands
 h - a wand of paralysis (8)
 p - a wand of flame (11)
Scrolls
 e - a scroll of enchant armour {unknown}
 j - a scroll of vulnerability {unknown}
 l - a scroll of teleportation {unknown}
 m - a scroll of torment {unknown}
Potions
 b - a potion of brilliance {unknown}
 c - 2 potions of might {unknown}
 d - 2 potions of heal wounds {unknown}
 f - 2 potions of curing {unknown}
 i - a potion of haste {unknown}
 k - a potion of enlightenment {unknown}
 n - a potion of berserk rage {unknown}
 o - 2 potions of invisibility {unknown}
 q - a potion of degeneration {unknown}


   Skills:
 - Level 2.1 Dodging
 - Level 1.5 Stealth
 + Level 9.1 Spellcasting
 + Level 9.1 Conjurations
 + Level 9.1 Hexes
 + Level 9.1 Summonings
 + Level 9.1 Necromancy
 + Level 9.1 Translocations
 + Level 9.1 Fire Magic
 + Level 9.1 Ice Magic
 + Level 9.1 Air Magic
 + Level 9.1 Earth Magic
 + Level 9.1 Alchemy


You knew the following spells:

 Your Spells              Type           Power      Damage    Failure   Level
a - Magic Dart            Conj           100%       1d8       1%          1
b - Searing Ray           Conj           100%       2d8       1%          2
c - Fulminant Prism       Conj/Alch      26%        3d14      1%          4
d - Iskenderun's Mystic   Conj/Tloc      53%        2d11      (+2d61%     4
e - Foxfire               Conj/Fire      100%       2x1d9     1%          1
f - Momentum Strike       Conj/Tloc      100%       3d10      1%          2
g - Inner Flame           Hex/Fire       53%        N/A       1%          3
h - Anguish               Hex/Necr       26%        N/A       1%          4
Your spell library was empty.

Dungeon Overview and Level Annotations

Branches:
Dungeon (5/15)
 Temple: D:4-7

Altars:
Gozag
The Shining One

Annotations:
D:5 Menkaure


Innate Abilities, Weirdness & Mutations

You are immune to sickness and miasma.
You are immune to poison.
Your flesh is very heat resistant. (rF++)
You are vulnerable to cold. (rC-)
You float through the air rather than walking.
You learn spells naturally, not from books.
Your magical power is your life essence.
You have superior vitality. (+4 MHP)


Message History

Unknown command.
Unknown command.
The magic dart hits the gnoll but does no damage.
The gnoll is severely wounded.
A gnoll comes into view. It is wielding a +0 club.
Unknown command.
Unknown command.
Unknown command.
Casting: Magic Dart (safe; 1% risk of failure)
Confirm with . or Enter, or press ? or * to list all spells.
You erupt in a blast of force!
The mystic blast hits the gnoll sergeant!
The gnoll sergeant is severely wounded.
The gnoll sergeant is knocked back by the mystic blast.
The mystic blast hits the gnoll!
You kill the gnoll!
The mystic blast hits the gnoll!
You kill the gnoll!
Menkaure calls on the powers of darkness!
The gnoll bouda convulses!
Your body is wracked with pain!
* * * LOW HITPOINT WARNING * * *
The gnoll sergeant convulses! x2; The iguana convulses!
The ogre convulses!
The gnoll convulses!
Unknown command.
Unknown command.
Unknown command.
Unknown command.
Unknown command.
Unknown command.
Unknown command.
Unknown command.
Unknown command.
Unknown command.
Unknown command.
Unknown command.
Unknown command.
The gnoll sergeant hits you from afar with a +0 trident.
* * * LOW HITPOINT WARNING * * *
The gnoll sergeant hits you from afar with a +5 spear of venom!
You die...

≈≈≈≈≈≈≈≈≈≈≈
≈≈~~P~≈≈≈
####~~..~~~
#...~..~..
##........
#.)....)g
#......##
#...g.@)#
.....).l.g.M...
.......gg.)#...
#...)g.#..O.. .
#.....# #g.....
#..... ......
#..#.. g.....
..#### ....##


You could see an ogre, 2 gnoll sergeants, Menkaure, a gnoll bouda, an iguana and
5 gnolls.

Vanquished Creatures
  Pikel (D:4)
  Grinder (D:4)
  Eustachio (D:4)
  An ice beast (D:3)
  3 lemures (D:4)
  Blork the orc (D:4)
  A howler monkey (D:4)
  A hound (D:4)
  A gnoll bouda (D:4)
  A jelly (D:4)
  3 orc priests
  A sleepcap (D:4)
  Ijyb (D:3)
  12 gnolls
  5 adders
  A white imp (D:4)
  2 dart slugs (D:1)
  3 ribbon worms
  11 orcs
  7 ball pythons
  9 endoplasms
  4 giant cockroaches
  5 goblins
  7 hobgoblins
  2 jackals (D:4)
  6 kobolds
  3 quokkas
  7 bats
  3 frilled lizards
  6 rats
110 creatures vanquished.

Vanquished Creatures (others)
  8 foxfires (D:3)
  5 fulminant prisms
13 creatures vanquished.

Grand Total: 123 creatures vanquished

Notes
Turn   | Place    | Note
-------+----------+-------------------------------------------
     0 | D:1      | shadizar the Djinni Conjurer began the quest for the Orb.
     0 | D:1      | shadizar set off with the following spells memorised: Magic
                  | Dart, Searing Ray, Fulminant Prism, Iskenderun's Mystic
                  | Blast.
     0 | D:1      | Reached XP level 1. HP: 15/15 MP: 0/0
    54 | D:1      | Reached XP level 2. HP: 18/21 MP: 0/0
   432 | D:1      | Reached XP level 3. HP: 19/25 MP: 0/0
   432 | D:1      | Learned a level 1 spell: Foxfire
  1014 | D:2      | Reached XP level 4. HP: 29/31 MP: 0/0
  1614 | D:3      | Reached skill level 5 in Spellcasting
  1614 | D:3      | Reached skill level 5 in Conjurations
  1614 | D:3      | Reached skill level 5 in Hexes
  1614 | D:3      | Reached skill level 5 in Summonings
  1614 | D:3      | Reached skill level 5 in Necromancy
  1614 | D:3      | Reached skill level 5 in Translocations
  1614 | D:3      | Reached skill level 5 in Fire Magic
  1614 | D:3      | Reached skill level 5 in Ice Magic
  1614 | D:3      | Reached skill level 5 in Air Magic
  1614 | D:3      | Reached skill level 5 in Earth Magic
  1614 | D:3      | Reached skill level 5 in Alchemy
  1614 | D:3      | Reached XP level 5. HP: 14/35 MP: 0/0
  1614 | D:3      | Learned a level 2 spell: Momentum Strike
  1965 | D:3      | Noticed Ijyb
  1966 | D:3      | Paralysed by Ijyb for 3 turns
  1976 | D:3      | Killed Ijyb
  2060 | D:3      | Noticed an ice beast
  2071 | D:3      | Killed an ice beast
  2072 | D:3      | Reached XP level 6. HP: 25/40 MP: 0/0
  2224 | D:3      | Found a glowing golden altar of the Shining One.
  2639 | D:3      | Found an opulent altar of Gozag.
  2934 | D:4      | Reached XP level 7. HP: 32/45 MP: 0/0
  2934 | D:4      | Learned a level 3 spell: Inner Flame
  3006 | D:4      | Noticed Eustachio
  3040 | D:4      | Killed Eustachio
  3359 | D:4      | Noticed Blork the orc
  3363 | D:4      | Killed Blork the orc
  3790 | D:4      | Noticed Grinder
  3791 | D:4      | Reached XP level 8. HP: 46/50 MP: 0/0
  3801 | D:4      | Paralysed by Grinder for 2 turns
  3909 | D:4      | Killed Grinder
  4227 | D:4      | Noticed Pikel
  4234 | D:4      | Killed Pikel
  4235 | D:4      | Reached XP level 9. HP: 2/55 MP: 0/0
  4235 | D:4      | Learned a level 4 spell: Anguish
  4525 | D:5      | Entered Level 5 of the Dungeon
  4533 | D:5      | Noticed Menkaure
  4538 | D:5      | Mangled by a gnoll sergeant

Illustrated notes

Levels and vault maps discovered:
D:1:      amcnicky_arrival_blooded_trapdoor, layout_loops_ring, st_stairs_2
D:2:      layout_basic
D:3:      layout_basic, amcnicky_altar_gilded, nicolae_tso_carved_into_rock,
          minmay_misc_feat_doors, uniq_ijyb
D:4:      minmay_skewed_foursquare, layout_loops_ring, uniq_blork_the_orc,
          uniq_pikel, uniq_grinder, uniq_eustachio
D:5:      layout_cave_pools, lemuel_round_altar, nicolae_ossuary_entry_giza,
          chequers_big_river, uniq_menkaure

Skill      XL: |  1  2  3  4  5  6  7  8  9 |
---------------+----------------------------+-----
Spellcasting   | 4 5 6 7 8 9 |  9.1
Conjurations   | 4 5 6 7 8 9 |  9.1
Hexes          | 4 5 6 7 8 9 |  9.1
Summonings     | 4 5 6 7 8 9 |  9.1
Necromancy     | 4 5 6 7 8 9 |  9.1
Translocations | 4 5 6 7 8 9 |  9.1
Fire Magic     | 4 5 6 7 8 9 |  9.1
Ice Magic      | 4 5 6 7 8 9 |  9.1
Air Magic      | 4 5 6 7 8 9 |  9.1
Earth Magic    | 4 5 6 7 8 9 |  9.1
Alchemy        | 4 5 6 7 8 9 |  9.1
Dodging        | |  2.1
Stealth        | |  1.5

Action                     |  1- 3 |  4- 6 |  7- 9 || total
---------------------------+-------+-------+-------++-------
  Melee: Unarmed           |       |     1 |     1 ||     2
   Cast: Magic Dart        |    78 |    99 |    54 ||   231
         Foxfire           |       |     4 |       ||     4
         Iskenderun's Myst |       |     6 |    41 ||    47
         Fulminant Prism   |       |     2 |     3 ||     5
 Armour: Robe              |     3 |    25 |    13 ||    41
  Dodge: Dodged            |     2 |     9 |     6 ||    17

Table legend: (Time is in decaauts)
 A = Elapsed time spent in this place.
 B = Non-inter-level travel time spent in this place.
 C = Inter-level travel time spent in this place.
 D = Time resting spent in this place.
 E = Time spent auto-exploring this place.
 F = Levels seen in this place.
 G = Mean time per level.
                   A        B        C        D        E       F      G
               +--------+--------+--------+--------+--------+-----+--------+
         Total |   4540 |   4418 |    122 |      0 |   3860 |   5 |  908.0 |
       Dungeon |   4540 |   4418 |    122 |      0 |   3860 |   5 |  908.0 |
               +--------+--------+--------+--------+--------+-----+--------+

Top non-repeatable levels by time:
     D:4: 1570 daAuts
     D:3: 1216 daAuts
     D:2: 947 daAuts
     D:1: 793 daAuts
     D:5: 12 daAuts
